 Dungeon Crawl Stone Soup version 0.29.1-1-gd02db6906a (webtiles) character file.

Game seed: 14611705440978269693

2638 avis the Skirmisher (level 9, -9/69 HPs)
             Began as a Demigod Hunter on Sept 16, 2022.
             Mangled by an orc warrior
             ... wielding a +0 halberd
              (10 damage)
             ... in a bailey on Sept 17, 2022.
             The game lasted 00:49:18 (7740 turns).

avis the Skirmisher (Demigod Hunter)                Turns: 7740, Time: 00:49:19

Health: -9/69      AC:  6    Str: 18    XL:     9   Next: 13%
Magic:  11/11      EV: 16    Int: 17    God:
Gold:   279        SH:  0    Dex: 33    Spells: 8/8 levels left

rFire   + . .      SeeInvis +   b - +2 shortbow (flame)
rCold   + . .      Faith    .   (shield currently unavailable)
rNeg    . . .      Spirit   .   P - +0 ring mail of the Realm of Zot {Dex+4 SInv}
rPois   .          Reflect  .   (no helmet)
rElec   .          Harm     .   z - scarf {rC+ rF+}
rCorr   .          Rampage  .   B - +0 pair of gloves
Will    .....                   (no boots)
Stlth   ++........              (no amulet)
HPRegen 0.21/turn               q - +6 ring of strength
MPRegen 0.12/turn               U - +6 ring of intelligence

@: studying 2 skills
A: high MP 1, forlorn, divine attributes
a: no special abilities


You were in a bailey.
You visited 2 branches of the dungeon, and saw 8 of its levels.
You also visited: Sewer and Bailey.

You collected 279 gold pieces.

Inventory:

Hand Weapons
 a - a +0 scimitar
 b - a +2 shortbow of flaming (weapon)
 w - a +2 spectral quarterstaff
 W - a +2 flail of draining
Missiles
 h - 9 boomerangs
 X - 4 poisoned darts
Armour
 z - a scarf of resistance (worn)
 B - a +0 pair of gloves (worn)
 P - the +0 ring mail of the Realm of Zot (worn) {Dex+4 SInv}
   (You found it on level 5 of the Dungeon)

   Dex:       It affects your dexterity (+4).
   SInv:      It lets you see invisible.
Jewellery
 q - a +6 ring of strength (left hand)
 S - a ring of protection from cold
 U - a +6 ring of intelligence (right hand)
Wands
 s - a wand of paralysis (9)
 x - a wand of roots (11)
 A - a wand of polymorph (20)
 Q - a wand of light (10)
Scrolls
 c - a scroll of identify
 g - a scroll of silence
 i - a scroll of magic mapping
 j - 2 scrolls of enchant armour {unknown}
 t - 4 scrolls of teleportation
 y - a scroll of poison
 F - 3 scrolls of blinking {unknown}
Potions
 d - 2 potions of invisibility
 m - 2 potions of might
 n - a potion of berserk rage
 v - 5 potions of flight
 K - a potion of brilliance
 T - 2 potions of magic


   Skills:
 - Level 3.0 Fighting
 + Level 7.5 Long Blades
 + Level 8.1 Ranged Weapons
 - Level 5.0 Dodging
 - Level 1.0 Stealth


You had 8 spell levels left.
You didn't know any spells.
Your spell library contained the following spells:

 Spells                   Type           Power      Damage    Failure   Level
 Necrotise                Necr           0%         1d4       38%         1
 Slow                     Hex            0%         N/A       38%         1
 Summon Small Mammal      Summ           0%         N/A       38%         1
 Ensorcelled Hibernation  Hex/Ice        0%         N/A       54%         2
 Passwall                 Tmut/Erth      0%         N/A       54%         2
 Call Canine Familiar     Summ           0%         N/A       77%         3
 Confusing Touch          Hex            0%         N/A       77%         3
 Summon Guardian Golem    Hex/Summ       0%         N/A       77%         3
 Swiftness                Air            0%         N/A       77%         3
 Vampiric Draining        Necr           0%         2d6       77%         3
 Agony                    Necr           0%         N/A       100%        5
 Freezing Cloud           Conj/Ice/Air   0%         6-21      100%        5
 Simulacrum               Ice/Necr       0%         N/A       100%        6
 Polar Vortex             Ice            0%         N/A       100%        9


Dungeon Overview and Level Annotations

Branches:
Dungeon (7/15)             Temple (1/1) D:4           Sewer (visited)
 Bailey (1/1)

Annotations:
D:3 1 transporter, groovy9's ghost, amateur MiHu
D:4 3 runed translucent doors, oldmanjim's ghost, amateur DjIE
D:6 1 runed translucent door, sanboga's ghost, novice GrFi
D:7 Menkaure


Innate Abilities, Weirdness & Mutations

You have an increased reservoir of magic. (+10% MP)
You shall have no god before yourself.
Your divine heritage dramatically boosts your attributes as you level up.


Message History

Aim: an orc warrior, wielding a +0 halberd and wearing a +0 plate armour (heavily wounded, 73% to hit)
You shoot an arrow. The arrow hits the orc warrior!
The arrow burns the orc warrior.
The orc warrior is almost dead.
The orc warrior hits you from afar with a +0 halberd.
* * * LOW HITPOINT WARNING * * *
The orc warrior hits you from afar with a +0 halberd!
* * * LOW HITPOINT WARNING * * *
You feel better. The orc warrior misses you.
The orc warrior closely misses you.
Fire: b) +2 shortbow (flame)
Press: ? - help, Q - select action, (/) - cycle Shift-Dir - straight line, f/p - orc warrior
Aim: an orc warrior, wielding a +0 halberd and wearing a +0 plate armour (almost dead, 73% to hit)
You shoot an arrow.
The arrow hits the orc warrior but does no damage.
The orc warrior is almost dead.
The orc warrior barely misses you.
The orc warrior completely misses you. x2
The orc warrior hits you from afar with a +0 halberd.
* * * LOW HITPOINT WARNING * * *
Fire: b) +2 shortbow (flame)
Press: ? - help, Q - select action, (/) - cycle Shift-Dir - straight line, f/p - orc warrior
Aim: an orc warrior, wielding a +0 halberd and wearing a +0 plate armour (almost dead, 73% to hit)
You shoot an arrow. The arrow hits the orc warrior.
The arrow burns the orc warrior.
You kill the orc warrior!
The orc warrior barely misses you.
Fire: b) +2 shortbow (flame)
Press: ? - help, Q - select action, (/) - cycle Shift-Dir - straight line, f - orc warrior
Aim: an orc warrior, wielding a +0 halberd and wearing a +0 ring mail (69% to hit)
You shoot an arrow.
The arrow completely misses the orc warrior.
The orc warrior hits you from afar with a +0 halberd!
* * * LOW HITPOINT WARNING * * *
Fire: b) +2 shortbow (flame)
Press: ? - help, Q - select action, (/) - cycle Shift-Dir - straight line, f/p - orc warrior
Aim: an orc warrior, wielding a +0 halberd and wearing a +0 ring mail (69% to hit)
You shoot an arrow.
The arrow completely misses the orc warrior.
The orc warrior hits you from afar with a +0 halberd!
You die...

#..#...)o..........∩..♣
#8.#...######.........♣
#..#....≈≈≈≈..♣......♣♣
..o##...≈≈≈≈..♣♣...♣♣♣
o... #..o≈≈≈≈.)...###
####. #..≈≈≈≈≈..####
####.o≈≈≈≈)o.#
♣..≈≈≈≈≈..♣#
♣.≈≈≈≈≈@.♣♣ ♣≈≈≈≈≈♣♣♣♣
♣≈≈≈≈≈♣ #######


You could see 2 orc warriors and an orc.

Vanquished Creatures
  Pikel (D:5)
  Prince Ribbit (D:7)
  A shadow (D:6)
  Sigmund (D:4)
  An orc warrior (Bailey)
  4 ice beasts
  A black bear (D:4)
  A centaur (D:6)
  An ogre (D:4)
  3 lemures (D:4)
  Blork the orc (D:5)
  A necrophage (D:6)
  A scorpion (D:5)
  A howler monkey (D:7)
  A jelly (D:5)
  6 hounds
  A gnoll bouda (D:6)
  Ijyb (D:3)
  Natasha (thrice) (D:2)
  3 iguanas
  2 orc wizards
  3 gnolls (D:6)
  2 river rats (Sewer)
  10 adders
  2 shadow imps (D:5)
  An ufetubus (D:5)
  4 worms
  3 dart slugs
  20 orcs
  11 ball pythons
  8 bats
  5 endoplasms
  7 giant cockroaches
  14 goblins
  7 hobgoblins
  4 jackals
  3 quokkas
  3 frilled lizards
  8 kobolds
  8 rats
159 creatures vanquished.

Vanquished Creatures (others)
  2 withered plants (D:6)
2 creatures vanquished.

Grand Total: 161 creatures vanquished

Notes
Turn   | Place    | Note
-------+----------+-------------------------------------------
     0 | D:1      | avis the Demigod Hunter began the quest for the Orb.
     0 | D:1      | Reached XP level 1. HP: 17/17 MP: 3/3
    11 | D:1      | Reached skill level 1 in Stealth
   283 | D:1      | Reached XP level 2. HP: 24/24 MP: 4/4
   376 | D:1      | Reached skill level 4 in Ranged Weapons
   849 | D:1      | Reached XP level 3. HP: 20/29 MP: 5/5
  1369 | D:2      | Noticed Natasha
  1376 | D:2      | Killed Natasha
  1377 | D:2      | Reached skill level 5 in Ranged Weapons
  1377 | D:2      | Reached XP level 4. HP: 30/36 MP: 6/6
  1624 | D:2      | Noticed Natasha
  1632 | D:2      | Killed Natasha
  1633 | D:2      | Reached skill level 1 in Long Blades
  1700 | D:2      | Noticed Natasha
  1709 | D:2      | Killed Natasha
  2412 | D:3      | Reached XP level 5. HP: 41/41 MP: 7/7
  2457 | D:3      | Noticed Ijyb
  2466 | D:3      | Killed Ijyb
  2769 | D:3      | Found a transporter.
  2770 | D:3      | Noticed groovy9's ghost (amateur MiHu)
  2770 | D:3      | Noticed an ogre
  3443 | D:4      | Found a staircase to the Ecumenical Temple.
  3464 | Temple   | Entered the Ecumenical Temple
  3725 | D:4      | Noticed oldmanjim's ghost (amateur DjIE)
  3726 | D:4      | Found a runed translucent gate.
  3726 | D:4      | Found a runed translucent gate.
  3726 | D:4      | Found a runed translucent gate.
  3737 | D:4      | Noticed Sigmund
  3751 | D:4      | Killed Sigmund
  3752 | D:4      | Reached XP level 6. HP: 39/50 MP: 8/8
  3931 | D:4      | Reached skill level 6 in Ranged Weapons
  4294 | D:4      | Reached XP level 7. HP: 50/57 MP: 9/9
  4420 | D:5      | Entered Level 5 of the Dungeon
  4506 | D:5      | Noticed Blork the orc
  4522 | D:5      | Killed Blork the orc
  4824 | D:5      | Reached skill level 5 in Long Blades
  5318 | D:5      | Noticed Pikel
  5326 | D:5      | Killed Pikel
  5327 | D:5      | Reached skill level 7 in Ranged Weapons
  5327 | D:5      | Reached XP level 8. HP: 63/63 MP: 10/10
  5331 | D:5      | Identified the +0 ring mail of the Realm of Zot {Dex+4
                  | SInv}
  5855 | D:6      | Found a runed translucent door.
  5856 | D:6      | Noticed sanboga's ghost (novice GrFi)
  6235 | D:6      | Found a glowing drain.
  6258 | Sewer    | Entered a sewer
  7422 | D:7      | Noticed Prince Ribbit
  7433 | D:7      | Killed Prince Ribbit
  7434 | D:7      | Reached skill level 8 in Ranged Weapons
  7434 | D:7      | Reached XP level 9. HP: 33/69 MP: 11/11
  7483 | D:7      | Noticed Menkaure
  7544 | D:7      | Identified a scroll of acquirement
  7544 | D:7      | Acquired a manual of Stealth
  7604 | D:7      | Found a flagged portal.
  7607 | D:7      | Reached skill level 5 in Dodging
  7620 | Bailey   | Entered a bailey
  7735 | Bailey   | HP: 3/69 [orc warrior/+0 halberd (15)]
  7739 | Bailey   | HP: 1/69 [orc warrior/+0 halberd (7)]
  7740 | Bailey   | Mangled by an orc warrior

Illustrated notes

Levels and vault maps discovered:
D:1:      dpeg_arrival_prison, layout_basic
D:2:      layout_loops_ring, uniq_natasha
D:3:      kennysheep_the_goblin_king, layout_basic, gammafunk_ghost_smash,
          hellmonk_ecumenical_altar_run_dry, grunt_decor_resistance
D:4:      minmay_chambers_of_fours, layout_rooms, minmay_temple_entry_crystal_x,
          ebering_ghost_rock_garden, uniq_sigmund
D:5:      layout_cave_pools, makhleb_heckhound_becter, st_stairs_13,
          uniq_blork_the_orc, uniq_pikel
D:6:      layout_basic, cheibrodos_sewer_entry_bend, gammafunk_ghost_grave,
          minmay_manual_mess
D:7:      layout_rooms, gammafunk_ghost_hive, serial_shops,
          kennysheep_mini_moat, enter_bailey_5, uniq_prince_ribbit1,
          uniq_menkaure, uniq_crazy_yiuf_cottage
Temple:   eino_narrow_crystal_temple
Bailey:   bailey_polearm_elven_captive_hellmonk, bailey

Skill      XL: |  1  2  3  4  5  6  7  8  9 |
---------------+----------------------------+-----
Stealth        | 1 |  1.0
Dodging        | 2 3 4 5 |  5.0
Fighting       | 2 3 |  3.0
Ranged Weapons | 4 5 6 7 8 |  8.1
Long Blades    | 1 3 4 6 7 |  7.5

Action                   |  1- 3 |  4- 6 |  7- 9 || total
-------------------------+-------+-------+-------++-------
Melee: Quarterstaff      |     7 |    12 |       ||    19
       Long sword        |       |    39 |       ||    39
       Scimitar          |       |    15 |   116 ||   131
       Punch             |       |       |     3 ||     3
 Fire: Shortbow          |    84 |    83 |   140 ||   307
  Use: Potion            |       |       |     6 ||     6
       Scroll            |       |       |    13 ||    13
Armor: Leather armour    |    11 |    15 |       ||    26
       Ring mail         |       |     1 |    40 ||    41
Dodge: Dodged            |    37 |    44 |   126 ||   207
